 Dungeon Crawl Stone Soup version 0.29.1-1-gd02db6906a (webtiles) character file.

Game seed: 18073396801375815857

86 funnyparkerb the Slasher (level 4, -1/35 HPs)
             Began as a Merfolk Monk on Sept 22, 2022.
             Slain by a centaur (5 damage)
             ... on level 6 of the Dungeon.
             The game lasted 00:04:31 (3558 turns).

funnyparkerb the Slasher (Merfolk Monk)             Turns: 3558, Time: 00:04:32

Health: -1/35      AC:  6    Str: 11    XL:     4   Next: 49%
Magic:  4/4        EV: 16    Int:  9    God:
Gold:   140        SH:  0    Dex: 18    Spells: 3/3 levels left

rFire   . . .      SeeInvis .   a - +0 falchion
rCold   . . .      Faith    .   (no shield)
rNeg    . . .      Spirit   .   b - +0 ring mail
rPois   +          Reflect  .   j - +0 helmet
rElec   .          Harm     .   (no cloak)
rCorr   .          Rampage  .   (no gloves)
Will    .....                   (no boots)
Stlth   ++........              (no amulet)
HPRegen 0.11/turn               h - +4 ring of evasion
MPRegen 0.09/turn               t - ring of poison resistance

@: no status effects
A: (nimble swimmer 2), mertail
a: no special abilities


You were on level 6 of the Dungeon.
You visited 1 branch of the dungeon, and saw 7 of its levels.

You collected 140 gold pieces.

Inventory:

Hand Weapons
 a - a +0 falchion (weapon)
Armour
 b - a +0 ring mail (worn)
 j - a +0 helmet (worn)
Jewellery
 h - a +4 ring of evasion (left hand)
 t - a ring of poison resistance (right hand)
Scrolls
 g - 2 scrolls of teleportation {unknown}
 i - 3 scrolls of enchant armour {unknown}
 k - 2 scrolls of identify {unknown}
 l - 2 scrolls of enchant weapon {unknown}
 m - 2 scrolls of magic mapping {unknown}
 o - a scroll of fog {unknown}
 r - a scroll of vulnerability {unknown}
Potions
 c - 2 potions of ambrosia
 d - 2 potions of curing {unknown}
 e - 2 potions of brilliance {unknown}
 f - 2 potions of lignification {unknown}
 p - a potion of haste {unknown}
 q - a potion of berserk rage {unknown}
 s - a potion of cancellation {unknown}


   Skills:
 - Level 3.2 Fighting
 + Level 6.2 Long Blades
 - Level 4.0 Dodging
 - Level 2.1 Stealth


You had 3 spell levels left.
You didn't know any spells.
Your spell library contained the following spells:

 Spells                   Type           Power      Damage    Failure   Level
 Apportation              Tloc           0%         N/A       69%         1
 Necrotise                Necr           0%         1d4       69%         1
 Summon Small Mammal      Summ           0%         N/A       69%         1
 Blink                    Tloc           0%         N/A       83%         2
 Lesser Beckoning         Tloc           0%         N/A       96%         3
 Manifold Assault         Tloc           0%         N/A       100%        5
 Summon Forest            Summ/Tloc      0%         N/A       100%        5
 Eringya's Noxious Bog    Tmut/Pois      0%         N/A       100%        6
 Summon Hydra             Summ           0%         N/A       100%        7


Dungeon Overview and Level Annotations

Branches:
Dungeon (8/15)
 Temple: D:4-7         Lair: D:8-11

Altars:
Zin

Shops:
D:1 (*?


Innate Abilities, Weirdness & Mutations

((You are very nimble when in or above water. (Stealth+, EV+, Speed+++)))
Your lower body shifts to a powerful aquatic tail in water.


Message History

The centaur hits you. The centaur completely misses you.
The centaur misses you. The centaur closely misses you.
You barely miss the centaur.
The centaur is moderately wounded.
The centaur hits you. The centaur kicks you.
You completely miss the centaur.
The centaur is moderately wounded.
The centaur hits you but does no damage.
The centaur kicks you but does no damage.
The centaur hits you but does no damage.
The centaur misses you.
You hit the centaur but do no damage.
The centaur is moderately wounded.
The centaur hits you but does no damage.
The centaur completely misses you.
You hit the centaur.
The centaur is heavily wounded.
The centaur barely misses you. The centaur misses you.
The centaur hits you but does no damage.
The centaur kicks you.
* * * LOW HITPOINT WARNING * * *
You barely miss the centaur.
The centaur is heavily wounded.
The centaur hits you but does no damage.
The centaur kicks you but does no damage.
You hit the centaur.
The centaur is severely wounded.
The centaur hits you but does no damage.
The centaur misses you. The centaur hits you.
* * * LOW HITPOINT WARNING * * *
The centaur kicks you but does no damage.
You hit the centaur but do no damage.
The centaur is severely wounded.
The centaur hits you.
* * * LOW HITPOINT WARNING * * *
The centaur barely misses you.
You barely miss the centaur.
The centaur is severely wounded.
The centaur hits you.
You die...

.........########
#+####+#........#
#........#
#........#
#........#
#.......[#
####........#
######....########
#..c@'....#
#.#####...# #...#
#>.## #..# #..#
#..# .... ##....


You could see a centaur.

Vanquished Creatures
  A gnoll (D:1)
  An adder (D:2)
  2 worms (D:2)
  2 dart slugs
  5 ball pythons
  7 endoplasms
  2 giant cockroaches (D:1)
  7 goblins
  2 hobgoblins
  3 jackals (D:3)
  3 quokkas (D:1)
  4 bats
  5 frilled lizards
  6 kobolds
  2 rats
52 creatures vanquished.

Notes
Turn   | Place    | Note
-------+----------+-------------------------------------------
     0 | D:1      | funnyparkerb the Merfolk Monk began the quest for the Orb.
     0 | D:1      | Reached XP level 1. HP: 18/18 MP: 1/1
   134 | D:1      | Found Wyur's Magic Scroll Shop.
   179 | D:1      | Reached skill level 4 in Long Blades
   271 | D:1      | Reached XP level 2. HP: 24/24 MP: 2/2
   517 | D:1      | Found Lantyun's Weapon Shoppe.
   659 | D:1      | Reached skill level 5 in Long Blades
   659 | D:1      | Reached XP level 3. HP: 20/29 MP: 3/3
  1239 | D:1      | Found Nyeps's General Store.
  2597 | D:2      | Reached XP level 4. HP: 35/35 MP: 4/4
  2680 | D:2      | Found a faded altar of an unknown god.
  2942 | D:3      | Reached skill level 6 in Long Blades
  3358 | D:3      | Found a glowing silver altar of Zin.
  3483 | D:4      | You fall into a shaft and drop 3 floors!
  3546 | D:6      | Noticed a centaur
  3558 | D:6      | Slain by a centaur

Illustrated notes

Levels and vault maps discovered:
D:1:      evilmike_arrival_plus, layout_loops_corners, serial_shops, shop,
          nicolae_shop_stone, shop, minmay_tiny_reverse_x
D:2:      layout_basic, dreamdust_ecumenical_altar_sealed_demon
D:3:      layout_rooms, mainiacjoe_overflow_alcove_2, chequers_decorated_corner,
          st_stairs_13
D:4:      layout_basic, nicolae_underground_beach
D:6:      layout_gridville, vehumet_statue, temple_doors_e,
          kennysheep_small_circle
D:7:      layout_rooms
D:8:      layout_basic, lair_entry_dummy, uniq_erica

Skill      XL: |  1  2  3  4 |
---------------+-------------+-----
Long Blades    | 4 5 6 |  6.2
Fighting       | |  3.2
Dodging        | |  4.0
Stealth        | |  2.1

Action                   |  1- 3 |  4- 6 || total
-------------------------+-------+-------++-------
Melee: Falchion          |   103 |    49 ||   152
       Punch             |       |     1 ||     1
 Stab: Sleeping          |    10 |     1 ||    11
Armor: Robe              |    10 |    15 ||    25
       Ring mail         |       |     9 ||     9
       Leather armour    |       |     3 ||     3
Dodge: Dodged            |    56 |    42 ||    98
